[Event "Ajuinentornooi Aalst 2022"]
[Site "?"]
[Date "2022.05.18"]
[Round "6"]
[White "Van De Perre, Tom"]
[Black "Boodts, Jeroen"]
[Result "1/2-1/2"]
[ECO "B44"]
[WhiteElo "2072"]
[BlackElo "1868"]
[PlyCount "70"]
[EventDate "2022.??.??"]
[TimeControl "240+2"]

{600MB, Fritz10.ctg} 1. e4 c5 2. Nf3 e6 3. c4 Nc6 4. d4 cxd4 5. Nxd4 Nf6 6.
Nxc6 dxc6 7. Qxd8+ Kxd8 8. e5 Nd7 9. Bf4 Bc5 10. Nc3 Ke7 11. Rd1 Bb4 12. Bd3
Nc5 13. Bc2 Bxc3+ 14. bxc3 h6 15. O-O Rd8 16. Rd4 b6 17. Rfd1 Ba6 18. Bg3 Nb7
19. Ba4 Rac8 20. f4 Rxd4 21. Rxd4 Rc7 22. f5 Nc5 23. f6+ gxf6 24. exf6+ Kxf6
25. Bxc7 Nxa4 26. Bb8 Nxc3 27. Rd3 Nxa2 28. Bxa7 Bxc4 29. Rf3+ Kg6 30. Bxb6 Bd5
31. Rg3+ Kf5 32. Kf2 f6 33. Rh3 Kg6 34. Rg3+ Kf5 35. Rh3 Kg6 1/2-1/2

[Event "Ajuinentornooi Aalst 2022"]
[Site "?"]
[Date "2022.05.18"]
[Round "6"]
[White "Roos, Adrian"]
[Black "Dgebuadze, Alexandre"]
[Result "1/2-1/2"]
[ECO "A84"]
[WhiteElo "2302"]
[BlackElo "2465"]
[PlyCount "36"]
[EventDate "2022.??.??"]
[TimeControl "240+2"]

{600MB, Fritz10.ctg} 1. Nf3 d5 2. d4 c6 3. c4 e6 4. e3 f5 5. Bd3 Bd6 6. O-O Nh6
7. b3 Nd7 8. Ba3 Bxa3 9. Nxa3 Qe7 10. Nb1 O-O 11. Qc1 g5 12. Qa3 Qf6 13. Nc3
Nf7 14. Be2 a5 15. Rac1 b6 16. Ne1 Bb7 17. Nd3 Rfe8 18. Bh5 Qe7 1/2-1/2

[Event "Ajuinentornooi Aalst 2022"]
[Site "?"]
[Date "2022.05.18"]
[Round "6"]
[White "Goormachtigh, Johan"]
[Black "Maddens, Martijn"]
[Result "1-0"]
[ECO "A70"]
[WhiteElo "2148"]
[BlackElo "2166"]
[PlyCount "121"]
[EventDate "2022.??.??"]
[TimeControl "240+2"]

{600MB, Fritz10.ctg} 1. d4 Nf6 2. c4 e6 3. Nf3 c5 4. d5 exd5 5. cxd5 d6 6. Nc3
g6 7. h3 Bg7 8. e4 O-O 9. Bd3 b5 10. Nxb5 Re8 11. O-O Nxe4 12. Re1 a6 13. Nc3
Nxc3 14. bxc3 Bxc3 15. Rxe8+ Qxe8 16. Rb1 Nd7 17. Qa4 Qf8 18. Bf4 Ne5 19. Bxe5
Bxe5 20. Nxe5 dxe5 21. Qc6 Bf5 22. Bxf5 gxf5 23. Qf6 Qg7 24. Qe7 c4 25. d6 f6
26. Qe6+ Qf7 27. Qxf5 Rd8 28. Rb6 Qa7 29. Rc6 Qd7 30. Qxf6 Rf8 31. Qg5+ Qg7 32.
Qxg7+ Kxg7 33. Rxc4 Rd8 34. Rc6 a5 35. Rc5 Kf6 36. Rxa5 Rxd6 37. Ra3 Kf5 38.
Rf3+ Ke4 39. Re3+ Kf5 40. Re1 Ra6 41. Ra1 Ra3 42. Kf1 e4 43. Ke2 h5 44. Kd2 h4
45. Kc2 Kf4 46. Kb2 Ra8 47. a4 e3 48. fxe3+ Kxe3 49. Kb3 Rb8+ 50. Ka3 Kd3 51.
a5 Rg8 52. Ra2 Kc3 53. Ka4 Rg6 54. Rf2 Kc4 55. Rf4+ Kc5 56. Rg4 Rf6 57. Rxh4
Rf2 58. Rg4 Ra2+ 59. Kb3 Ra1 60. h4 Kd6 61. Rg6+ 1-0

[Event "Ajuinentornooi Aalst 2022"]
[Site "?"]
[Date "2022.05.18"]
[Round "6"]
[White "De Reymaeker, Walter"]
[Black "Roels, Frederik"]
[Result "1/2-1/2"]
[ECO "A12"]
[WhiteElo "1835"]
[BlackElo "1916"]
[PlyCount "117"]
[EventDate "2022.??.??"]
[TimeControl "240+2"]

{600MB, Fritz10.ctg} 1. c4 Nf6 2. g3 c6 3. Bg2 d5 4. Nf3 Bg4 5. b3 e6 6. Bb2
Bc5 7. O-O O-O 8. d4 Be7 9. Nc3 Nbd7 10. h3 Bh5 11. g4 Bg6 12. cxd5 Nxd5 13.
Nxd5 cxd5 14. a3 Rc8 15. Rc1 Qb6 16. b4 Qb5 17. Re1 a5 18. Bf1 Qb6 19. Qa4 Nf6
20. Qxa5 Qxa5 21. bxa5 h5 22. Ne5 hxg4 23. hxg4 Bc2 24. f3 Rfd8 25. e3 Ne8 26.
Bd3 Bxd3 27. Nxd3 Nd6 28. Rxc8 Rxc8 29. Rc1 Rxc1+ 30. Bxc1 Nc4 31. a6 bxa6 32.
a4 Nb6 33. e4 Nxa4 34. exd5 exd5 35. Be3 Nb6 36. Bf4 Bf6 37. Be3 a5 38. g5 Nc4
39. gxf6 Nxe3 40. Kf2 Nf5 41. Nf4 g5 42. Nxd5 Nxd4 43. Ke3 Nb5 44. Kd3 Kh7 45.
Kc4 Nd6+ 46. Kc5 Ne8 47. Kb5 Kg6 48. Kxa5 Nxf6 49. Ne3 Nh7 50. Kb4 f5 51. Kc4
Nf6 52. Kd4 f4 53. Nf1 Kf5 54. Kd3 g4 55. fxg4+ Kxg4 56. Ke2 f3+ 57. Ke3 Nd5+
58. Kf2 Nf4 59. Nh2+ 1/2-1/2

[Event "Ajuinentornooi Aalst 2022"]
[Site "?"]
[Date "2022.05.18"]
[Round "6"]
[White "Mannaert, Erwin"]
[Black "Temmerman, Hans"]
[Result "0-1"]
[ECO "A40"]
[WhiteElo "1896"]
[BlackElo "1727"]
[PlyCount "54"]
[EventDate "2022.??.??"]
[TimeControl "240+2"]

{600MB, Fritz10.ctg} 1. d4 g6 2. Nc3 Bg7 3. Bf4 d6 4. e3 Nf6 5. Be2 O-O 6. h4
h5 7. Qd2 c5 8. O-O-O cxd4 9. exd4 Bf5 10. Bd3 Bxd3 11. Qxd3 Nc6 12. f3 Nb4 13.
Qb5 Nc6 14. Nge2 Qc8 15. Kb1 Ne8 16. g4 Nc7 17. Qd3 e5 18. dxe5 dxe5 19. Bg5
hxg4 20. fxg4 Ne6 21. Ne4 Nxg5 22. hxg5 Nb4 23. Qb3 Qxg4 24. Qxb4 Qxe2 25. Rde1
Qa6 26. Qb3 Qe6 27. Qg3 Rfc8 {wit verliest op tijd} 0-1

[Event "Ajuinentornooi Aalst 2022"]
[Site "?"]
[Date "2022.05.18"]
[Round "6"]
[White "Londers, Jan"]
[Black "Poelman, Geoffrey"]
[Result "0-1"]
[ECO "B02"]
[WhiteElo "1762"]
[BlackElo "1887"]
[PlyCount "60"]
[EventDate "2022.??.??"]
[TimeControl "240+2"]

{600MB, Fritz10.ctg} 1. e4 Nf6 2. e5 Nd5 3. c4 Nb6 4. a4 a5 5. Ra3 Nc6 6. d4 d6
7. exd6 exd6 8. Rg3 Bf5 9. Nc3 Nb4 10. Re3+ Be7 11. Ne4 d5 12. c5 Bxe4 13. Rxe4
dxe4 14. cxb6 c6 15. Be3 O-O 16. Bc4 Qxb6 17. Ne2 Nd5 18. O-O Qxb2 19. Ng3 Qb4
20. Qc2 Qc3 21. Qe2 Nxe3 22. fxe3 Bg5 23. Qa2 Qxe3+ 24. Kh1 Qxd4 25. Bxf7+ Kh8
26. Qe6 Qd5 27. Qg4 Rxf7 28. Rxf7 Qxf7 29. Qxg5 Rf8 30. h4 Qf6 0-1

[Event "Ajuinentornooi Aalst 2022"]
[Site "?"]
[Date "2022.05.18"]
[Round "6"]
[White "Roelandt, Andreas"]
[Black "Ponnet, Guy"]
[Result "1-0"]
[ECO "A44"]
[WhiteElo "1873"]
[BlackElo "1606"]
[PlyCount "87"]
[EventDate "2022.??.??"]
[TimeControl "240+2"]

{600MB, Fritz10.ctg} 1. d4 c5 2. d5 e5 3. c4 d6 4. Nc3 Be7 5. g3 Bg5 6. e3 f5
7. Bd2 Na6 8. f4 exf4 9. exf4 Bf6 10. Nf3 Nh6 11. Qe2+ Kf7 12. O-O-O Re8 13.
Qg2 Nb4 14. a3 Bxc3 15. bxc3 Na6 16. h3 Kg8 17. Bd3 Bd7 18. Kb2 Qb6+ 19. Ka2
Re7 20. Rb1 Qc7 21. Rhe1 Rae8 22. Rxe7 Rxe7 23. Ng5 g6 24. Qf1 Bc8 25. Bc2 Nf7
26. Re1 Nxg5 27. fxg5 Qd8 28. Bf4 Rxe1 29. Qxe1 Kf7 30. Bd3 Qe7 31. Qf2 Nb8 32.
g4 Kg7 33. Qg3 Qf7 34. Bxd6 Nd7 35. gxf5 b5 36. f6+ Kg8 37. Qe3 bxc4 38. Bxc4
Nb6 39. Qxc5 Bxh3 40. Bb3 Nd7 41. Qc8+ Nf8 42. Qxh3 Qe8 43. Be7 Qb5 44. d6+ 1-0

[Event "Ajuinentornooi Aalst 2022"]
[Site "?"]
[Date "2022.05.18"]
[Round "6"]
[White "Van Zeebroeck, Sam"]
[Black "Goossens, Xavier"]
[Result "1/2-1/2"]
[ECO "C30"]
[WhiteElo "1750"]
[BlackElo "2052"]
[PlyCount "62"]
[EventDate "2022.??.??"]
[TimeControl "240+2"]

{600MB, Fritz10.ctg} 1. e4 e5 2. Nc3 Nc6 3. Bc4 Nf6 4. d3 Bc5 5. f4 d6 6. Nf3
Be6 7. Bxe6 fxe6 8. Na4 exf4 9. Nxc5 dxc5 10. Bxf4 O-O 11. Qd2 a5 12. Bg5 e5
13. O-O b6 14. Rf2 Qd6 15. h3 Nh5 16. Kh2 Nf4 17. Raf1 h6 18. Bxf4 Rxf4 19. g3
Rf7 20. Nh4 Raf8 21. Nf5 Qe6 22. b3 a4 23. Kg2 axb3 24. axb3 Nd4 25. g4 Nxf5
26. Rxf5 Rxf5 27. Rxf5 Rxf5 28. exf5 Qd5+ 29. Kg3 Qd4 30. Qe2 Qf4+ 31. Kg2 Kf7
1/2-1/2

[Event "Ajuinentornooi Aalst 2022"]
[Site "?"]
[Date "2022.05.18"]
[Round "6"]
[White "Pepermans, Jelle"]
[Black "Claeys, Pieter"]
[Result "0-1"]
[ECO "A04"]
[WhiteElo "1718"]
[BlackElo "1798"]
[PlyCount "82"]
[EventDate "2022.??.??"]
[TimeControl "240+2"]

{600MB, Fritz10.ctg} 1. Nf3 c5 2. d3 Nc6 3. Bf4 g6 4. c3 Bg7 5. Nbd2 d5 6. h3
e6 7. g4 Nge7 8. Bg2 b6 9. O-O O-O 10. Bg5 Qc7 11. Rc1 f5 12. d4 e5 13. Nxe5
Bxe5 14. dxe5 Qxe5 15. Nf3 Qd6 16. Bh6 Re8 17. Qa4 Bd7 18. Bf4 Qf6 19. g5 Qf7
20. Bd6 Rad8 21. Rcd1 Nc8 22. Bc7 Nd4 23. Qa3 Nb5 24. Bxd8 Nxa3 25. bxa3 Rxd8
26. Ne5 Qe7 27. Rxd5 Ba4 28. f4 Rxd5 29. Bxd5+ Kf8 30. Rf3 Nd6 31. Re3 Qc7 32.
h4 c4 33. Ba8 Nf7 34. Nf3 Qxf4 35. Kf2 Qd6 36. Nd4 Ne5 37. Ke1 Bd7 38. Bg2 Ng4
39. Rf3 Qxa3 40. e4 Qc1+ 41. Ke2 Ba4 0-1

[Event "Ajuinentornooi Aalst 2022"]
[Site "?"]
[Date "2022.05.18"]
[Round "6"]
[White "De Blende, Nando"]
[Black "De Wolf, Bernard"]
[Result "1-0"]
[ECO "C45"]
[WhiteElo "2004"]
[BlackElo "1593"]
[PlyCount "53"]
[EventDate "2022.??.??"]
[TimeControl "240+2"]

{600MB, Fritz10.ctg} 1. e4 e5 2. Nf3 Nc6 3. d4 exd4 4. Nxd4 Nxd4 5. Qxd4 d6 6.
Nc3 Nf6 7. Be3 Be7 8. f3 O-O 9. O-O-O Be6 10. g4 c5 11. Qd2 Qa5 12. Kb1 a6 13.
Nd5 Qd8 14. Nxe7+ Qxe7 15. Qxd6 Qe8 16. Bxc5 Nd7 17. Ba3 Qc8 18. Be2 Re8 19. f4
Nf8 20. f5 Bd7 21. e5 Bc6 22. Rhe1 Be4 23. Bd3 Bf3 24. Rd2 Bxg4 25. Rg2 Rd8 26.
Qe7 Re8 27. Qg5 1-0

[Event "Ajuinentornooi Aalst 2022"]
[Site "?"]
[Date "2022.05.18"]
[Round "6"]
[White "Lanckriet, Chris"]
[Black "Cappelle, Gert-Jan"]
[Result "1-0"]
[ECO "C63"]
[WhiteElo "1986"]
[BlackElo "1569"]
[PlyCount "69"]
[EventDate "2022.??.??"]
[TimeControl "240+2"]

{600MB, Fritz10.ctg} 1. e4 e5 2. Nf3 Nc6 3. Bb5 f5 4. d4 fxe4 5. Bxc6 bxc6 6.
Nxe5 Qh4 7. O-O Bd6 8. Nc3 Bb7 9. g3 Qh3 10. Nxe4 c5 11. Qg4 Qxg4 12. Nxd6+
cxd6 13. Nxg4 O-O-O 14. Bf4 Bf3 15. Ne3 Rf8 16. Bxd6 Rf6 17. Be5 Rg6 18. Nf5
Kb7 19. Nh4 Bc6 20. Nxg6 hxg6 21. dxc5 Bf3 22. Bf4 Rh5 23. h4 Kc8 24. Rfe1 Nf6
25. Re5 Rh7 26. Rae1 Ng4 27. Re8+ Kb7 28. b4 a6 29. a4 Rh5 30. c4 Ka7 31. Bg5
Nf6 32. R8e7 Kb7 33. Bxf6 gxf6 34. Rxd7+ Kc6 35. Rd6+ 1-0

[Event "Ajuinentornooi Aalst 2022"]
[Site "?"]
[Date "2022.05.18"]
[Round "6"]
[White "Willockx, Ritsaart"]
[Black "Lefevre, Lucien"]
[Result "1-0"]
[ECO "B09"]
[WhiteElo "1937"]
[BlackElo "1507"]
[PlyCount "53"]
[EventDate "2022.??.??"]
[TimeControl "240+2"]

{600MB, Fritz10.ctg} 1. e4 d6 2. d4 Nf6 3. Nc3 g6 4. f4 Bg7 5. Nf3 c5 6. Bb5+
Bd7 7. e5 Ng4 8. e6 fxe6 9. Ng5 Bxb5 10. Nxe6 Bxd4 11. Nxb5 Qa5+ 12. Nc3 Bf2+
13. Ke2 Bd4 14. Nxd4 cxd4 15. Qxd4 Nf6 16. Be3 Nc6 17. Qc4 d5 18. Qb5 a6 19.
Qxb7 Kf7 20. Qxc6 Rac8 21. Qb6 Qxb6 22. Bxb6 Rb8 23. Bd4 Rxb2 24. Kd3 Rc8 25.
Rab1 Rxc3+ 26. Bxc3 Rxa2 27. Bxf6 1-0

[Event "Ajuinentornooi Aalst 2022"]
[Site "?"]
[Date "2022.05.18"]
[Round "6"]
[White "De Smet, Frans"]
[Black "Evens, Joris"]
[Result "1-0"]
[ECO "D04"]
[WhiteElo "1699"]
[BlackElo "1427"]
[PlyCount "75"]
[EventDate "2022.??.??"]
[TimeControl "240+2"]

{600MB, Fritz10.ctg} 1. Nf3 Nf6 2. b3 g6 3. Bb2 Bg7 4. e3 d5 5. d4 O-O 6. c4 c6
7. Nbd2 Bf5 8. Be2 Nbd7 9. O-O Ne4 10. Nxe4 Bxe4 11. Nd2 e5 12. Nxe4 dxe4 13.
Qc2 f5 14. Rfd1 Qc7 15. d5 cxd5 16. Rxd5 Nb6 17. Rd2 Rad8 18. Rad1 Rd7 19. c5
Rxd2 20. Rxd2 Nd7 21. Bc4+ Kh8 22. b4 Nf6 23. Rd6 f4 24. Bxe5 fxe3 25. fxe3 Qe7
26. Re6 Qd8 27. Bxf6 Bxf6 28. Rxe4 Bg7 29. Qd3 Qf6 30. Rf4 Qa1+ 31. Qf1 Qxf1+
32. Kxf1 Re8 33. Rf7 Rb8 34. Bd5 Bc3 35. a3 a6 36. Bxb7 Kg8 37. Rd7 Rf8+ 38.
Ke2 1-0

[Event "Ajuinentornooi Aalst 2022"]
[Site "?"]
[Date "2022.05.18"]
[Round "6"]
[White "Torfs, Gert"]
[Black "De Meyer, Nicolas"]
[Result "1/2-1/2"]
[ECO "C00"]
[WhiteElo "1617"]
[BlackElo "1392"]
[PlyCount "93"]
[EventDate "2022.??.??"]
[TimeControl "240+2"]

{600MB, Fritz10.ctg} 1. e4 e6 2. c4 d5 3. cxd5 exd5 4. Qb3 dxe4 5. Bc4 Qf6 6.
Nc3 c6 7. Nge2 b5 8. Nxe4 Qe7 9. Bd3 Be6 10. Qc2 Nf6 11. O-O g6 12. b3 Bg7 13.
Bb2 O-O 14. Rfe1 Bd5 15. Nxf6+ Bxf6 16. Nf4 Qd6 17. Nxd5 cxd5 18. Bxf6 Qxf6 19.
Bxb5 Na6 20. a3 Rac8 21. Qd3 Nc5 22. Qxd5 Rfd8 23. Qe5 Qxe5 24. Rxe5 Nxb3 25.
Rae1 Rxd2 26. Re8+ Rxe8 27. Bxe8 Nc5 28. Bb5 Kg7 29. g3 Nd3 30. Rf1 Kf6 31. f4
Kf5 32. Bc4 Kf6 33. Rb1 Nb2 34. Bb5 Rd1+ 35. Rxd1 Nxd1 36. Kf1 Nc3 37. Bc4 Ke7
38. Ke1 h6 39. Bb3 g5 40. fxg5 hxg5 41. h4 gxh4 42. gxh4 Kf6 43. Kd2 Nb1+ 44.
Kd3 Nxa3 45. h5 Kg7 46. h6+ Kxh6 47. Bxf7 1/2-1/2

[Event "Ajuinentornooi Aalst 2022"]
[Site "?"]
[Date "2022.05.18"]
[Round "6"]
[White "Van Lil, Robin"]
[Black "Doossche, Carlo"]
[Result "0-1"]
[ECO "B12"]
[WhiteElo "1345"]
[BlackElo "1594"]
[PlyCount "50"]
[EventDate "2022.??.??"]
[TimeControl "240+2"]

{600MB, Fritz10.ctg} 1. e4 c6 2. d4 d5 3. e5 c5 4. c3 e6 5. Nf3 Nc6 6. Bd3 cxd4
7. cxd4 Nge7 8. O-O Nf5 9. Bxf5 exf5 10. Nbd2 Be7 11. Nb3 O-O 12. Nfd2 f6 13.
f4 fxe5 14. dxe5 Qb6+ 15. Kh1 a5 16. Nf3 Be6 17. Nbd4 Nxd4 18. Nxd4 Rac8 19.
Be3 Qa6 20. g4 Bc5 21. gxf5 Bxd4 22. Qxd4 Rc4 23. Qd2 Bxf5 24. b3 Be4+ 25. Kg1
Qg6+ 0-1

[Event "Ajuinentornooi Aalst 2022"]
[Site "?"]
[Date "2022.05.18"]
[Round "6"]
[White "Claessens, Dirk"]
[Black "Lesaffer, Michel"]
[Result "0-1"]
[ECO "A06"]
[WhiteElo "1412"]
[BlackElo "1570"]
[PlyCount "58"]
[EventDate "2022.??.??"]
[TimeControl "240+2"]

{600MB, Fritz10.ctg} 1. Nf3 d5 2. c3 f5 3. d3 e6 4. Qc2 Nf6 5. Bf4 Be7 6. Nbd2
O-O 7. e4 Nh5 8. Bg3 f4 9. O-O-O fxg3 10. hxg3 Nf6 11. Nh2 dxe4 12. dxe4 e5 13.
Be2 Qe8 14. f4 Bd6 15. f5 b5 16. Qb3+ Kh8 17. Bxb5 c6 18. Nc4 Bc5 19. Ba4 Nxe4
20. Ng4 Bxf5 21. Ncxe5 Be3+ 22. Nxe3 Qxe5 23. Rde1 Nc5 24. Qa3 Nbd7 25. Bc2
Bxc2 26. Kxc2 Qe4+ 27. Kd2 Rf2+ 28. Kc1 Nd3+ 29. Kd1 Nxe1 0-1

[Event "Ajuinentornooi Aalst 2022"]
[Site "?"]
[Date "2022.05.18"]
[Round "6"]
[White "Cotman, Dirk"]
[Black "Lauwers, Rudi"]
[Result "1-0"]
[ECO "C00"]
[WhiteElo "1288"]
[BlackElo "1440"]
[PlyCount "55"]
[EventDate "2022.??.??"]
[TimeControl "240+2"]

{600MB, Fritz10.ctg} 1. e4 e6 2. Nf3 d5 3. exd5 exd5 4. c4 Nf6 5. Nc3 Be7 6.
Be2 O-O 7. O-O Bg4 8. Qb3 dxc4 9. Qxb7 Nbd7 10. Nd5 Nxd5 11. Qxd5 Be6 12. Qe4
Nb6 13. d4 cxd3 14. Bxd3 g6 15. Bh6 Re8 16. Rfd1 Bf6 17. Bb5 Bd7 18. Qf4 Rc8
19. Bxd7 Nxd7 20. Rxd7 Bxb2 21. Rxd8 Rexd8 22. Rb1 Rd2 23. g3 Bh8 24. Kg2 c5
25. Ne5 Rc7 26. Rc1 Bg7 27. Rxc5 Rxc5 28. Qxf7+ 1-0

[Event "Ajuinentornooi Aalst 2022"]
[Site "?"]
[Date "2022.05.18"]
[Round "6"]
[White "Smekens, Ann"]
[Black "Van Steen, Guido"]
[Result "0-1"]
[ECO "B03"]
[WhiteElo "1160"]
[BlackElo "1381"]
[PlyCount "103"]
[EventDate "2022.??.??"]
[TimeControl "240+2"]

{600MB, Fritz10.ctg} 1. e4 Nf6 2. e5 Nd5 3. d4 d6 4. Bc4 Nb6 5. Bb3 Nc6 6. Nf3
Bg4 7. c3 e6 8. O-O Be7 9. Bf4 dxe5 10. Bxe5 Nxe5 11. dxe5 O-O 12. Nbd2 c6 13.
Re1 Qc7 14. Re4 Bh5 15. Qe1 Rad8 16. Rd4 Bc5 17. Rxd8 Rxd8 18. Ne4 Bxf3 19.
Nxc5 Bd5 20. Rd1 Qe7 21. Qe3 Bxb3 22. Rxd8+ Qxd8 23. h3 Bxa2 24. Nxb7 Qc7 25.
Nd6 Nc4 26. Qe2 Nxd6 27. exd6 Qd7 28. Qd2 Bd5 29. Qd4 f6 30. Qc5 Kf7 31. Kh2 e5
32. Qa5 Ke6 33. Qc5 Qxd6 34. Qxa7 Qd7 35. Qxd7+ Kxd7 36. Kg1 Kd6 37. g3 Kc5 38.
Kf1 Kc4 39. Ke2 Kb3 40. Kd3 Kxb2 41. h4 Kb3 42. Kd2 Kc4 43. Kc2 h5 44. Kd2 g5
45. hxg5 fxg5 46. Ke3 Kxc3 47. f4 gxf4+ 48. gxf4 exf4+ 49. Kxf4 Kd4 50. Kg5 Bf3
51. Kf4 Bg4 52. Kg3 0-1

[Event "Ajuinentornooi Aalst 2022"]
[Site "?"]
[Date "2022.05.18"]
[Round "6"]
[White "Schatteman, Sven"]
[Black "Ruysseveldt, Sam"]
[Result "0-1"]
[ECO "A01"]
[WhiteElo "1272"]
[BlackElo "1119"]
[PlyCount "62"]
[EventDate "2022.??.??"]
[TimeControl "240+2"]

{600MB, Fritz10.ctg} 1. b3 e5 2. Bb2 Nc6 3. e3 Bc5 4. Bb5 Nge7 5. Ne2 a6 6.
Bxc6 Nxc6 7. d4 exd4 8. exd4 Qf6 9. O-O d5 10. Nd2 Nxd4 11. Kh1 Bb6 12. Nf3 c5
13. Nfxd4 cxd4 14. Nxd4 O-O 15. Re1 Bd7 16. Rb1 Qxf2 17. Re7 Rad8 18. Qd3 Bc7
19. Nf3 Qb6 20. Bd4 Qg6 21. Qe3 Bd6 22. Ne5 Qh5 23. Qg3 Bxe7 24. Nxd7 Qg6 25.
Qxg6 fxg6 26. Nxf8 Rxf8 27. Bb6 Bd8 28. Bc5 Re8 29. Rf1 Be7 30. Bd4 Bd6 31. Rf2
Re1+ 0-1

[Event "Ajuinentornooi Aalst 2022"]
[Site "?"]
[Date "2022.05.18"]
[Round "6"]
[White "Vergote, Geert"]
[Black "Feys, Jacques"]
[Result "0-1"]
[ECO "D04"]
[WhiteElo "1150"]
[BlackElo "1071"]
[PlyCount "40"]
[EventDate "2022.??.??"]
[TimeControl "240+2"]

{600MB, Fritz10.ctg} 1. d4 d5 2. Nf3 Nf6 3. e3 Bg4 4. Bd3 a6 5. Nbd2 e6 6. O-O
Bd6 7. c3 b5 8. b3 O-O 9. Bb2 Re8 10. Qc2 g6 11. h3 Bxf3 12. Nxf3 c5 13. g4 Qc7
14. g5 Nh5 15. Ne5 Bxe5 16. dxe5 Qxe5 17. Rfe1 Qxg5+ 18. Kh2 Nc6 19. f4 Qg3+
20. Kh1 Qxh3+ 0-1